 Dungeon Crawl Stone Soup version 0.31-a0-236-g9a0961fb85 (webtiles) character file.

Game seed: 3860654414651084425

106 qw the Shooter (level 4, -6/37 HPs)
             Began as a Minotaur Hexslinger on July 10, 2023.
             Mangled by a gnoll
             ... wielding a +0 halberd
              (12 damage)
             ... on level 2 of the Dungeon.
             The game lasted 00:00:39 (1409 turns).

qw the Shooter (Minotaur Hexslinger)                Turns: 1409, Time: 00:00:40

Health: -6/37      AC:  3    Str: 13    XL:     4   Next: 55%
Magic:  4/4        EV: 12    Int: 10    God:
Gold:   105        SH:  0    Dex: 14    Spells: 4/5 levels left

rFire   . . .        b - +0 shortbow
rCold   . . .        (shield currently unavailable)
rNeg    . . .        l - +0 leather armour
rPois   .            (helmet restricted)
rElec   .            (no cloak)
rCorr   .            (no gloves)
SInv    .            (no boots)
Will    .....        (no amulet)
Stlth   +            (no ring)
HPRegen 0.26/turn    (no ring)
MPRegen 0.09/turn

%: no passive effects
@: no status effects
A: horns 2, retaliatory headbutt
a: no special abilities


You were on level 2 of the Dungeon.
You visited 1 branch of the dungeon, and saw 2 of its levels.

You collected 105 gold pieces.


Innate Abilities, Weirdness & Mutations

You have a pair of horns on your head.
You reflexively headbutt those who attack you in melee.


   Skills:
 + Level 2.3 Fighting
 - Level 5.0 Ranged Weapons
 - Level 2.1 Dodging
 - Level 1.0 Spellcasting
 - Level 2.0 Hexes


You had 4 spell levels left.
You knew the following spells:

 Your Spells              Type           Power      Damage    Failure   Level
a - Slow                  Hex            16%        N/A       19%         1

Your spell library contained the following spells:

 Spells                   Type           Power      Damage    Failure   Level
 Inner Flame              Hex/Fire       2%         N/A       65%         3
 Portal Projectile        Hex/Tloc       4%         N/A       65%         3
 Cause Fear               Hex            2%         N/A       88%         4

Inventory:

Hand Weapons
 b - a +0 shortbow (weapon)
Armour
 l - a +0 leather armour (worn)
Scrolls
 e - a scroll of acquirement {unknown}
Potions
 a - a potion of brilliance {unknown}
 c - a potion of enlightenment {unknown}
 d - a potion of haste {unknown}
 g - a potion of lignification {unknown}
 h - 2 potions of mutation {unknown}
 j - a potion of berserk rage {unknown}

Dungeon Overview and Level Annotations

Branches:
Dungeon (2/15)

Altars:

Annotations:
D:2 Terence


Message History

You shoot an arrow. The arrow closely misses Terence.
The arrow hits the gnoll but does no damage.
The gnoll is moderately wounded.
Terence hits you but does no damage.
You shoot an arrow.
The arrow hits Terence but does no damage.
Terence is severely wounded.
Terence hits you but does no damage.
You shoot an arrow. The arrow barely misses Terence.
The arrow hits the gnoll!
The gnoll is severely wounded.
Terence misses you.
You shoot an arrow. The arrow closely misses Terence.
The arrow hits the gnoll.
The gnoll is almost dead.
Terence bares his teeth.
Terence misses you.
You shoot an arrow. The arrow barely misses Terence.
The arrow hits the gnoll.
You kill the gnoll!
Terence closely misses you.
You shoot an arrow. The arrow hits Terence.
Terence is severely wounded.
The gnoll closely misses you. Terence misses you. The gnoll misses you.
Terence closely misses you.
You shoot an arrow. The arrow hits Terence.
Terence is almost dead.
The gnoll barely misses you. Terence barely misses you.
You shoot an arrow. The arrow barely misses Terence.
The arrow hits the gnoll!
The gnoll is severely wounded.
The gnoll closely misses you. Terence misses you.
You shoot an arrow.
The arrow hits Terence but does no damage.
Terence is almost dead.
The gnoll barely misses you. Terence hits you with a +0 flail!
You shoot an arrow. The arrow barely misses Terence.
The arrow closely misses the gnoll.
The gnoll barely misses you. Terence hits you with a +0 flail.
You shoot an arrow. The arrow barely misses Terence.
The arrow barely misses the gnoll.
The gnoll barely misses you. Terence hits you with a +0 flail.
The gnoll hits you from afar with a +0 halberd!
You die...

#.# #.# #.#
#[# #.# #g#
#@# #######
#@# #......
#%# #.#####
#.#
#######.#####
#.#
##......).....
#.#
#..#####.#####
#.###.##
#......##
##.....#
#......##
#...####
#......##
#..##
#......##


You could see Terence and a gnoll.

Vanquished Creatures
  2 gnolls (D:2)
  3 adders (D:2)
  3 worms
  A dart slug (D:2)
  2 ball pythons
  4 endoplasms (D:2)
  4 giant cockroaches
  6 goblins
  6 hobgoblins
  7 kobolds
  A quokka (D:1)
  3 bats (D:1)
  2 frilled lizards (D:2)
  3 rats
47 creatures vanquished.

Notes
Turn   | Place    | Note
-------+----------+-------------------------------------------
     0 | D:1      | qw the Minotaur Hexslinger began the quest for the Orb.
     0 | D:1      | Reached XP level 1. HP: 16/16 MP: 1/1
     0 | D:1      | 0 ||| qw: Version: 0.3-a-52-g30416fa
     0 | D:1      | 0 ||| qw: Game counter: 4941
     0 | D:1      | 0 ||| qw: Melee chars always use a shield: true
     0 | D:1      | 0 ||| qw: God list: Okawaru
     0 | D:1      | 0 ||| qw: Allow faded altars: false
     0 | D:1      | 0 ||| qw: Do Orc after clearing Dungeon:15 true
     0 | D:1      | 0 ||| qw: Do second Lair branch before Depths: true
     0 | D:1      | 0 ||| qw: Lair rune preference: random
     0 | D:1      | 0 ||| qw: Goals: Normal
     0 | D:1      | 0 ||| PLANNING D:1-11
    87 | D:1      | 87 ||| FLEEEEING.
    88 | D:1      | 88 ||| FLEEEEING.
    89 | D:1      | 89 ||| FLEEEEING.
   140 | D:1      | Reached skill level 3 in Ranged Weapons
   140 | D:1      | Reached XP level 2. HP: 23/23 MP: 2/2
   730 | D:1      | Reached XP level 3. HP: 29/29 MP: 3/3
   783 | D:1      | Found a faded altar of an unknown god.
   815 | D:1      | 815 ||| UPGRADING to +0 leather armour.
   825 | D:1      | 825 ||| DROPPING +0 robe.
   826 | D:1      | 826 ||| READING 3 scrolls labelled CATOLA ZAMEOM.
   827 | D:1      | 827 ||| READING scroll labelled DOSURU ZUKOI.
   828 | D:1      | 828 ||| READING 2 scrolls labelled BYKIET DAFE.
   829 | D:1      | 829 ||| READING scroll labelled RYPIXE IXETUF.
   830 | D:1      | 830 ||| DROPPING 2 scrolls of blinking.
   831 | D:1      | 831 ||| DROPPING scroll of poison.
   832 | D:1      | 832 ||| DROPPING scroll of amnesia.
   946 | D:2      | Reached skill level 4 in Ranged Weapons
  1171 | D:2      | Reached XP level 4. HP: 36/36 MP: 4/4
  1185 | D:2      | 1185 ||| SWAPPING to +0 shortbow.
  1188 | D:2      | 1188 ||| DROPPING +1 sling.
  1382 | D:2      | Noticed Terence
  1398 | D:2      | Reached skill level 5 in Ranged Weapons
  1409 | D:2      | HP: 6/37 [Terence/+0 flail (6)]
  1409 | D:2      | Mangled by a gnoll

Levels and vault maps discovered:
D:1:      dpeg_arrival_lava_temple_mockup, layout_basic,
          ebering_ecumenical_altar_petrified, nicolae_wormholes
D:2:      layout_basic, serial_corexii_hall, chequers_hall_statues_wall_a,
          chequers_hall_statues_corner_a, uniq_robin, uniq_natasha, uniq_terence

Skill      XL: |  1  2  3  4 |
---------------+-------------+-----
Ranged Weapons | 3 4 5 |  5.0
Fighting       | 2 |  2.3
Dodging        | |  2.1
Spellcasting   | |  1.0
Hexes          | |  2.0

Action                     |  1- 3 |  4- 6 || total
---------------------------+-------+-------++-------
   Fire: Sling             |   121 |       ||   121
         Shortbow          |       |    44 ||    44
    Use: Scroll            |     4 |       ||     4
 Armour: Robe              |     9 |       ||     9
         Leather armour    |     4 |     6 ||    10
  Dodge: Dodged            |    30 |    23 ||    53

Table legend:
 A = Non-vault XP
 B = Vault XP
 C = Vault XP percentage of total XP
 D = Non-vault monster count
 E = Vault monster count
 F = Vault count percentage of total count
                 A         B        C        D         E       F
            +---------+---------+-------+---------+---------+-------
      Total |     140 |      12 |   7.9 |      44 |       3 |   6.4
            +---------+---------+-------+---------+---------+-------
        D:1 |      38 |      10 |  20.8 |      21 |       2 |   8.7
        D:2 |     102 |       2 |   1.9 |      23 |       1 |   4.2
            +---------+---------+-------+---------+---------+-------
